[Event "ICC tourney 2516 (60 10)"]
[Site "Internet Chess Club"]
[Date "2021.04.18"]
[Round "4"]
[White "LIAO, CONNOR:che2468"]
[Black "YUEN, DAISY:littleknightie"]
[Result "1-0"]
[ICCResult "Black checkmated"]
[WhiteElo "1488"]
[BlackElo "990"]
[Opening "Queen's pawn: Chigorin variation"]
[ECO "D00"]
[NIC "QP.08"]
[Time "10:00:46"]
[PlyCount "81"]
[TimeControl "3600+10"]

1. d4 d5 2. Nc3 Nf6 3. Bf4 a6 4. e3 Bf5 5. f3 e6 6. g4 Bg6 7. h4 h6 8. Bd3
Bxd3 9. Qxd3 Bb4 10. Ne2 Nbd7 11. O-O-O Nb6 12. g5 hxg5 13. hxg5 Rxh1 14.
Rxh1 Nfd7 15. g6 Qf6 16. gxf7+ Qxf7 17. Rh8+ Nf8 18. a3 Be7 19. e4 O-O-O
20. Be5 Bf6 21. f4 Bxe5 22. fxe5 dxe4 23. Qxe4 Nc4 24. Nd1 Qd7 25. c3 Qe7
26. Nf4 Qg5 27. Rh5 Qe7 28. Nd3 Nd7 29. Ne3 Ncb6 30. Qg4 Rf8 31. Nf4 Nd5
32. Nexd5 exd5 33. Ng6 Rf1+ 34. Kc2 Qf7 35. Rh8+ Qf8 36. Rxf8+ Rxf8 37.
Nxf8 Kb8 38. Qxd7 Ka7 39. Qxc7 g5 40. Nd7 g4 41. Qb8# { Black checkmated }
1-0

[Event "ICC tourney 2516 (60 10)"]
[Site "Internet Chess Club"]
[Date "2021.04.18"]
[Round "4"]
[White "SINHA, TANISHI:NYCchesskid"]
[Black "SINGH, ADITYA VEER:avs12"]
[Result "1-0"]
[ICCResult "Black checkmated"]
[WhiteElo "625"]
[BlackElo "855"]
[Opening "Four knights: Spanish, classical defense"]
[ECO "C48"]
[NIC "KP.03"]
[Time "10:00:43"]
[PlyCount "99"]
[TimeControl "3600+10"]

1. e4 e5 2. Nf3 Nc6 3. Nc3 Nf6 4. Bb5 Bc5 5. Nxe5 Nxe5 6. d4 a6 7. Ba4 Bxd4
8. Qxd4 Nc6 9. Qd1 O-O 10. O-O d6 11. h3 Be6 12. Bg5 h6 13. Bh4 Re8 14. Qd2
Nxe4 15. Nxe4 Qxh4 16. Rfe1 Bf5 17. Nc3 b5 18. Bb3 Nd4 19. Rad1 Nxb3 20.
axb3 Rxe1+ 21. Rxe1 Qh5 22. Qd5 Rf8 23. Re7 Qg6 24. Rxc7 Bxh3 25. g3 Qe6
26. Qh5 Bg4 27. Qd5 Qxd5 28. Nxd5 Kh8 29. f4 Rc8 30. Rxf7 Rxc2 31. Rf8+ Kh7
32. f5 Rxb2 33. f6 Kg6 34. Nf4+ Kh7 35. f7 g5 36. Rh8+ Kxh8 37. f8=Q+ Kh7
38. Nd5 Rb1+ 39. Kf2 Rb2+ 40. Ke3 Rxb3+ 41. Kd4 Rf3 42. Qe7+ Kh8 43. Nf6
Rxf6 44. Qxf6+ Kg8 45. Kd5 Bf3+ 46. Ke6 Bg4+ 47. Ke7 Bh5 48. Qf8+ Kh7 49.
Kf6 Bf7 50. Qg7# { Black checkmated } 1-0

[Event "ICC tourney 2516 (60 10)"]
[Site "Internet Chess Club"]
[Date "2021.04.18"]
[Round "4"]
[White "Gaw, Christian:cman-g"]
[Black "Romig, Olive:icicle333"]
[Result "1-0"]
[ICCResult "Black checkmated"]
[WhiteElo "738"]
[BlackElo "601"]
[Opening "two knights defense: Fritz variation"]
[ECO "C57"]
[NIC "KP.01"]
[Time "10:00:51"]
[PlyCount "93"]
[TimeControl "3600+10"]

1. e4 e5 2. Nf3 Nc6 3. Bc4 Nf6 4. Ng5 d5 5. exd5 Nd4 6. d6 cxd6 7. Nxf7 Qb6
8. Nxh8 d5 9. Bb3 Nf5 10. O-O Nh4 11. g3 Bg4 12. Ba4+ Kd8 13. Qe1 Nf3+ 14.
Kh1 Nxe1 15. Nf7+ Kc8 16. Nxe5 Kc7 17. d3 Bf3+ 18. Nxf3 Nxf3 19. Bf4+ Kc8
20. Bb3 Ng4 21. Bxd5 Nxf2+ 22. Kg2 Qxb2 23. Be6+ Kd8 24. Kxf3 Bc5 25. Bg5+
Ke8 26. Re1 Kf8 27. Nd2 h6 28. Be3 Qf6+ 29. Kg2 Qxe6 30. Bxc5+ Qe7 31.
Bxe7+ Kf7 32. Kxf2 a5 33. Bc5 Ra6 34. Re7+ Kf6 35. Ne4+ Kf5 36. Rxb7 Kg4
37. Rxg7+ Kh5 38. Nf6+ Rxf6+ 39. Kg2 Rf5 40. g4+ Kh4 41. gxf5 Kh5 42. f6
Kh4 43. Rg4+ Kxg4 44. f7 Kh5 45. f8=Q a4 46. Qf5+ Kh4 47. Bf2# { Black
checkmated } 1-0

[Event "ICC tourney 2516 (60 10)"]
[Site "Internet Chess Club"]
[Date "2021.04.18"]
[Round "4"]
[White "KLEIN, EDEN LILY:edenlilyklein"]
[Black "SLABIN, LEO:LeoNYC"]
[Result "0-1"]
[ICCResult "White checkmated"]
[WhiteElo "678"]
[BlackElo "1004"]
[Opening "Owen defense"]
[ECO "B00"]
[NIC "VO.01"]
[Time "10:00:33"]
[PlyCount "130"]
[TimeControl "3600+10"]

1. e4 b6 2. d4 Bb7 3. Nc3 e6 4. e5 Bb4 5. Nf3 Ne7 6. Bd3 O-O 7. Ng5 h6 8.
Qh5 Nf5 9. Nf3 Bxf3 10. gxf3 Qh4 11. Qxh4 Nxh4 12. Be4 Nc6 13. Bd2 Nxd4 14.
Bxa8 Nxc2+ 15. Kd1 Nxa1 16. Be4 Kh8 17. Ke2 f5 18. Bd3 Nb3 19. axb3 d5 20.
Nb5 Bxd2 21. Kxd2 Nxf3+ 22. Ke3 Nxe5 23. Nxc7 Nxd3 24. Kxd3 e5 25. Nxd5 Rd8
26. Kc4 Rc8+ 27. Kb5 Rc5+ 28. Kb4 Rxd5 29. Re1 a5+ 30. Ka4 Kg8 31. b4 Kf7
32. bxa5 Rxa5+ 33. Kb4 Kf6 34. f3 g5 35. h3 Rd5 36. Kc4 Rd2 37. b4 Ke6 38.
b5 Rf2 39. Re3 f4 40. Ra3 Rd2 41. Ra6 Rd6 42. Kb4 Kf5 43. Kc4 e4 44. fxe4+
Kxe4 45. Ra7 Re6 46. Rh7 f3 47. Kc3 f2 48. Rf7 Ke3 49. Kc2 Ke2 50. Rxf2+
Kxf2 51. Kd2 Re5 52. Kd3 Rxb5 53. Kc4 Rf5 54. Kb4 h5 55. Kc4 b5+ 56. Kb4 g4
57. h4 g3 58. Kc3 g2 59. Kd2 g1=Q 60. Kc3 Qd1 61. Kb4 Qc2 62. Ka5 b4+ 63.
Ka6 Qc6+ 64. Ka7 Rf7+ 65. Kb8 Qe8# { White checkmated } 0-1

[Event "ICC tourney 2516 (60 10)"]
[Site "Internet Chess Club"]
[Date "2021.04.18"]
[Round "4"]
[White "JUTRAS, ARNAUD:arnaudjutras"]
[Black "PAWAR, AVIN A:PS33ChessNinja"]
[Result "0-1"]
[ICCResult "White checkmated"]
[WhiteElo "1150"]
[BlackElo "879"]
[Opening "English: Carls' Bremen system"]
[ECO "A22"]
[NIC "EO.10"]
[Time "10:01:02"]
[PlyCount "72"]
[TimeControl "3600+10"]

1. c4 e5 2. Nc3 Nf6 3. g3 Nc6 4. Bg2 Bc5 5. Nf3 O-O 6. O-O d6 7. d3 h6 8.
a3 Bg4 9. b4 Bd4 10. Bb2 Bb6 11. Nd5 Nxd5 12. cxd5 Nd4 13. e3 Nxf3+ 14.
Bxf3 Bh3 15. Bg2 Bxg2 16. Kxg2 a5 17. bxa5 Rxa5 18. Qb3 Qd7 19. Bc3 Qb5 20.
Qxb5 Rxb5 21. Rfb1 Rxd5 22. d4 exd4 23. Bxd4 Bxd4 24. exd4 b6 25. Rc1 c5
26. dxc5 dxc5 27. Rab1 Rd6 28. Rb5 Ra8 29. Rcb1 Ra6 30. R1b2 g5 31. h3 Kg7
32. Kf3 Rxa3+ 33. Ke4 Rd4+ 34. Ke5 Rad3 35. Rxb6 Rd5+ 36. Ke4 f5# { White
checkmated } 0-1

[Event "ICC tourney 2516 (60 10)"]
[Site "Internet Chess Club"]
[Date "2021.04.18"]
[Round "4"]
[White "GUTTMAN, JACK MAVERICK:Bg71"]
[Black "PATHANGE, CIAN:Finemerryjuice"]
[Result "1-0"]
[ICCResult "Black checkmated"]
[WhiteElo "1309"]
[BlackElo "1125"]
[Opening "Queen's pawn: London system"]
[ECO "A45"]
[NIC "QP.07"]
[Time "10:00:40"]
[PlyCount "113"]
[TimeControl "3600+10"]

1. d4 Nf6 2. Bf4 d5 3. e3 c5 4. c3 Nc6 5. Bd3 Qb6 6. Qc2 Bd7 7. Nf3 Rc8 8.
Ne5 cxd4 9. Nxc6 Rxc6 10. exd4 e6 11. O-O Be7 12. Re1 O-O 13. Nd2 Rcc8 14.
Be5 h6 15. Nf3 Bb5 16. Bxb5 Qxb5 17. h3 Ne4 18. Nd2 Nxd2 19. Qxd2 Bg5 20.
Qc2 Qd7 21. g3 f6 22. Bf4 Bxf4 23. gxf4 f5 24. Re5 Rf6 25. Rae1 Rg6+ 26.
Kh2 Qe7 27. Qxf5 Rf6 28. Qg4 g6 29. Rxe6 h5 30. Rxf6 Qxf6 31. Qxc8+ Kg7 32.
Qc7+ Kh6 33. Re7 g5 34. fxg5+ Kxg5 35. h4+ Kh6 36. Rh7+ Kg6 37. Kg3 Qf8 38.
Rd7 Qg8 39. Kh2 Qf8 40. Qd6+ Qxd6+ 41. Rxd6+ Kf5 42. Kg3 Ke4 43. f4 Kd3 44.
f5 Kc2 45. f6 Kxb2 46. f7 Kxa2 47. f8=Q Kb3 48. Qc8 b5 49. Qa6 Kxc3 50.
Rc6+ Kxd4 51. Qxb5 Ke4 52. Re6+ Kd4 53. Qb4+ Kd3 54. Rd6 a5 55. Rxd5+ Kc2
56. Rd2+ Kc1 57. Qb2# { Black checkmated } 1-0

[Event "ICC tourney 2516 (60 10)"]
[Site "Internet Chess Club"]
[Date "2021.04.18"]
[Round "4"]
[White "ZHANG, DEREK:Derekzh"]
[Black "RAJENDRAN, ISHAAN:ArtMan2030"]
[Result "0-1"]
[ICCResult "White checkmated"]
[WhiteElo "861"]
[BlackElo "1148"]
[Opening "QGD Slav: 4.Nc3"]
[ECO "D15"]
[NIC "SL.03"]
[Time "10:00:59"]
[PlyCount "188"]
[TimeControl "3600+10"]

1. d4 d5 2. c4 c6 3. Nf3 Nf6 4. Nc3 Bf5 5. e3 e6 6. c5 b6 7. b4 a5 8. bxa5
bxc5 9. Be2 cxd4 10. Nxd4 Qxa5 11. Bd2 Bb4 12. Qb3 Bg6 13. a3 c5 14. Nc2
Bxc2 15. Qxc2 d4 16. Nb5 Bxd2+ 17. Qxd2 Qxd2+ 18. Kxd2 dxe3+ 19. fxe3 O-O
20. Ke1 Nc6 21. Rc1 Na7 22. Bf3 Nd5 23. Bxd5 exd5 24. Nc7 Rac8 25. Nxd5
Rfe8 26. Kf2 Kf8 27. Nb6 Rc6 28. Nd7+ Ke7 29. Nxc5 Rec8 30. Nb3 Rc3 31.
Rxc3 Rxc3 32. Rb1 Nb5 33. Na5 Nxa3 34. Rb3 Rxb3 35. Nxb3 Ke6 36. Nd4+ Ke5
37. Nf3+ Kf6 38. Kg3 Nc4 39. Kf4 Nd6 40. e4 Nc4 41. e5+ Ke6 42. Ng5+ Kd5
43. Nxf7 Nb2 44. Kf5 Nc4 45. g4 Ne3+ 46. Kg5 Nc4 47. Kf4 Nb6 48. h4 Nd7 49.
Kf5 Nf8 50. g5 Nd7 51. e6 g6+ 52. Kf4 Kxe6 53. Nh6 Nc5 54. Ng8 Nd7 55. Kg4
Kf7 56. Nh6+ Ke6 57. Kf4 Kd5 58. Ng4 Ke6 59. Ke4 Nc5+ 60. Kd4 Nb3+ 61. Kc3
Nc1 62. Nf6 Ne2+ 63. Kd2 Nf4 64. Nxh7 Ng2 65. Ke2 Nxh4 66. Kf2 Nf5 67. Kf3
Ne7 68. Kg4 Ke5 69. Kh4 Kf4 70. Nf6 Nf5+ 71. Kh3 Kxg5 72. Ne4+ Kf4 73. Nf2
Ne3 74. Nh1 g5 75. Nf2 Kf3 76. Nh1 Nf5 77. Kh2 g4 78. Kg1 Ng3 79. Nf2 Ne2+
80. Kf1 g3 81. Nh3 g2+ 82. Ke1 Kg3 83. Ng5 Nf4 84. Ne4+ Kh2 85. Kd2 g1=Q
86. Kc3 Qe3+ 87. Kc4 Qxe4+ 88. Kc3 Qd3+ 89. Kb2 Nd5 90. Ka1 Qb5 91. Ka2 Qb4
92. Ka1 Kg2 93. Ka2 Nc3+ 94. Ka1 Qb1# { White checkmated } 0-1

[Event "ICC tourney 2516 (60 10)"]
[Site "Internet Chess Club"]
[Date "2021.04.18"]
[Round "4"]
[White "JING, ANDREW:andrewj508"]
[Black "Krishnan, Anish:AnishKrishnan"]
[Result "1-0"]
[ICCResult "Black checkmated"]
[WhiteElo "1325"]
[BlackElo "1195"]
[Opening "Sicilian: closed"]
[ECO "B23"]
[NIC "SI.44"]
[Time "10:00:42"]
[PlyCount "151"]
[TimeControl "3600+10"]

1. e4 c5 2. Nc3 d6 3. f4 Nc6 4. Nf3 e5 5. Bc4 Be7 6. O-O h6 7. fxe5 dxe5 8.
Bxf7+ Kd7 9. Bd5 Bd6 10. Nb5 Qe7 11. Nxd6 Qxd6 12. b3 Nf6 13. c4 Kd8 14.
Bb2 Re8 15. d3 Bg4 16. Qe1 Rb8 17. Bxc6 bxc6 18. Qa5+ Kc8 19. Rad1 Bxf3 20.
Rxf3 Rb7 21. Qe1 Rd7 22. Qe2 Nh5 23. g3 Qg6 24. Rf5 Nf4 25. Qf3 Nh3+ 26.
Kh1 Ng5 27. Qe2 Rf7 28. Rxf7 Nxf7 29. Rf1 Nd6 30. Qf2 Kc7 31. Qxc5 Nb7 32.
Qf2 Re7 33. Qf8 Kd7 34. Ba3 Nd6 35. Bxd6 Kxd6 36. c5+ Kd7 37. Qf5+ Qxf5 38.
Rxf5 Ke6 39. Kg2 Rd7 40. Rf3 Rb7 41. Rf8 Rb5 42. Ra8 Ra5 43. a4 Kf6 44. Kf3
Rxc5 45. Rxa7 Rc3 46. Ke3 Rxb3 47. a5 Ra3 48. a6 Kg6 49. Ra8 Ra2 50. a7 Kh7
51. h4 Ra5 52. h5 Ra6 53. Re8 Rxa7 54. Rxe5 Ra1 55. Rc5 Rg1 56. Rxc6 Rxg3+
57. Kd4 Rg5 58. e5 Rg4+ 59. Kd5 Rg5 60. Kd6 Rg3 61. d4 Rd3 62. d5 Rf3 63.
e6 Rf6 64. Kd7 Rf5 65. d6 Rxh5 66. e7 Re5 67. e8=Q Rxe8 68. Kxe8 h5 69. d7
h4 70. d8=Q h3 71. Qh4+ Kg8 72. Kd7 h2 73. Qxh2 g5 74. Qh6 g4 75. Rg6+ Kf7
76. Qg7# { Black checkmated } 1-0

[Event "ICC tourney 2516 (60 10)"]
[Site "Internet Chess Club"]
[Date "2021.04.18"]
[Round "4"]
[White "LI, ANTHONY:AnthonyLi2017"]
[Black "BOSE, SIDDHARTH:siddharthbose"]
[Result "0-1"]
[ICCResult "White checkmated"]
[WhiteElo "682"]
[BlackElo "1236"]
[Opening "Queen's pawn game"]
[ECO "E20"]
[NIC "QP.07"]
[Time "10:00:53"]
[PlyCount "140"]
[TimeControl "3600+10"]

1. d4 Nf6 2. c4 e6 3. Nc3 Be7 4. e4 d5 5. e5 Ne4 6. Nxe4 dxe4 7. g3 Nc6 8.
Ne2 Nb4 9. Bg2 Nd3+ 10. Kf1 Nxc1 11. Rxc1 O-O 12. Bxe4 f5 13. exf6 Rxf6 14.
Kg2 Qf8 15. Rf1 Rh6 16. Kg1 Rb8 17. Qa4 a6 18. Qa5 b6 19. Qe5 Bd6 20. Qg5
Bb4 21. a3 Be7 22. Qd2 Qd8 23. Rfd1 Qe8 24. Rc3 Bb7 25. Bg2 Bxg2 26. Kxg2
Qf7 27. Rf3 Qh5 28. Rh1 g5 29. Qe3 g4 30. Rf4 Bg5 31. Qe5 Bxf4 32. Qxf4 Rf8
33. Qxc7 Qf7 34. Qxf7+ Rxf7 35. Re1 Rc7 36. b3 a5 37. Nf4 Kf7 38. d5 exd5
39. cxd5 Rc3 40. Re3 Rxe3 41. fxe3 Rd6 42. h3 gxh3+ 43. Kxh3 Kf6 44. Kg4
Rd8 45. Kh5 Kf5 46. Kh6 Rd7 47. Kh5 Ke4 48. g4 Kxe3 49. Kg5 h6+ 50. Kxh6
Kxf4 51. g5 Kf5 52. g6 Kf6 53. d6 Rxd6 54. g7 Kf7+ 55. Kh7 Rg6 56. b4 Rxg7+
57. Kh6 axb4 58. axb4 Rg4 59. Kh5 Rxb4 60. Kg5 Ra4 61. Kf5 b5 62. Ke5 b4
63. Kd5 b3 64. Kc5 b2 65. Kb5 Ra1 66. Kc5 b1=Q 67. Kd6 Qd3+ 68. Kc6 Rc1+
69. Kb6 Qb3+ 70. Ka5 Ra1# { White checkmated } 0-1

[Event "ICC tourney 2516 (60 10)"]
[Site "Internet Chess Club"]
[Date "2021.04.18"]
[Round "4"]
[White "ROWLAND, NIKOLAS:ridikulous"]
[Black "Cheng, Samuel:Samuel1001"]
[Result "1/2-1/2"]
[ICCResult "Game drawn by repetition"]
[WhiteElo "1029"]
[BlackElo "724"]
[Opening "Sicilian: Alapin's variation (2.c3)"]
[ECO "B22"]
[NIC "SI.46"]
[Time "10:01:06"]
[PlyCount "48"]
[TimeControl "3600+10"]

1. e4 c5 2. c3 d5 3. exd5 Qxd5 4. d4 Nc6 5. Nf3 Bg4 6. Be2 e6 7. O-O Nf6 8.
Nbd2 Be7 9. c4 Qd7 10. Ne5 Bxe2 11. Qxe2 Nxd4 12. Qd3 Qc7 13. Re1 O-O 14.
Ndf3 Rad8 15. Nxd4 Rxd4 16. Qg3 Rfd8 17. Be3 R4d6 18. Bh6 Bf8 19. Bg5 Be7
20. Bh6 Bf8 21. Bg5 Be7 22. Bh6 Bf8 23. Bg5 Be7 24. Bh6 Bf8 { Game drawn by
repetition } 1/2-1/2

[Event "ICC tourney 2516 (60 10)"]
[Site "Internet Chess Club"]
[Date "2021.04.18"]
[Round "4"]
[White "Deng, Michael:MichaelDeng1224"]
[Black "ROHRS, SOPHIE:RainbowQueen"]
[Result "0-1"]
[ICCResult "White checkmated"]
[WhiteElo "1080"]
[BlackElo "809"]
[Opening "Scotch: Mieses variation"]
[ECO "C45"]
[NIC "SO.04"]
[Time "10:00:54"]
[PlyCount "98"]
[TimeControl "3600+10"]

1. e4 e5 2. Nf3 Nc6 3. d4 exd4 4. Nxd4 Nf6 5. Nxc6 bxc6 6. e5 Qe7 7. Qe2
Nd5 8. c4 Ba6 9. b3 g6 10. Bb2 Bh6 11. e6 fxe6 12. Bxh8 Bg7 13. Bxg7 Qxg7
14. Qc2 Qxa1 15. cxd5 Bxf1 16. Rxf1 cxd5 17. Kd2 Qd4+ 18. Qd3 Qb2+ 19. Qc2
Qd4+ 20. Ke2 Qe5+ 21. Kf3 Qf6+ 22. Kg3 Qg5+ 23. Kf3 Qf6+ 24. Kg3 Qg5+ 25.
Kf3 Qf6+ 26. Ke2 Qe5+ 27. Kd1 Qd4+ 28. Qd2 Qf6 29. Re1 c5 30. Qxd5 Rc8 31.
Qb7 Rd8 32. Qxa7 Qd4+ 33. Ke2 Qe5+ 34. Kd1 Qd4+ 35. Nd2 Qa1+ 36. Ke2 Qe5+
37. Kf1 Qxh2 38. Nf3 Qh1+ 39. Ng1 Qh5 40. Qa4 Ke7 41. Qb5 Rf8 42. f3 Qd5
43. a4 g5 44. Kf2 g4 45. a5 Qd2+ 46. Re2 Qd4+ 47. Re3 g3+ 48. Ke2 Qb2+ 49.
Kf1 Qf2# { White checkmated } 0-1

[Event "ICC tourney 2516 (60 10)"]
[Site "Internet Chess Club"]
[Date "2021.04.18"]
[Round "4"]
[White "BANDREDDI, AARUSH:AarushB"]
[Black "SEN, SAMANT ROBERT:srsmv"]
[Result "0-1"]
[ICCResult "White resigns"]
[WhiteElo "876"]
[BlackElo "1223"]
[Opening "two knights defense: Kieseritsky variation"]
[ECO "C58"]
[NIC "KP.01"]
[Time "10:00:31"]
[PlyCount "83"]
[TimeControl "3600+10"]

1. e4 e5 2. Nf3 Nc6 3. Bc4 Nf6 4. Ng5 d5 5. exd5 Na5 6. d3 h6 7. Nf3 e4 8.
Qe2 Qe7 9. dxe4 Qxe4 10. Qxe4+ Nxe4 11. Bd3 Nf6 12. O-O Nxd5 13. Re1+ Be7
14. b4 Nc6 15. b5 Ncb4 16. Ba3 Nxd3 17. cxd3 Be6 18. Bxe7 Nxe7 19. Nc3 O-O
20. Na4 b6 21. Rad1 Nf5 22. Nc3 Rfd8 23. d4 Ne7 24. d5 Nxd5 25. Nxd5 Rxd5
26. Rxd5 Bxd5 27. Re7 Rc8 28. Nd4 Kf8 29. Re2 Rd8 30. Rd2 Ke7 31. Nf5+ Kf6
32. Ne3 Ke6 33. Nxd5 Rxd5 34. Rxd5 Kxd5 35. f4 Kc5 36. a4 Kb4 37. g4 Kxa4
38. h4 Kxb5 39. h5 a5 40. g5 a4 41. g6 f6 42. Kf1 { White resigns } 0-1

[Event "ICC tourney 2516 (60 10)"]
[Site "Internet Chess Club"]
[Date "2021.04.18"]
[Round "4"]
[White "Liang, Warren:warrenl"]
[Black "TIPPA, ASWATH SRISAI:IGMin2023"]
[Result "1-0"]
[ICCResult "Black checkmated"]
[WhiteElo "1118"]
[BlackElo "865"]
[Opening "KGA: Schallop defense"]
[ECO "C34"]
[NIC "KG.02"]
[Time "10:00:44"]
[PlyCount "95"]
[TimeControl "3600+10"]

1. e4 e5 2. f4 exf4 3. Nf3 Nf6 4. e5 Ng4 5. d4 d6 6. exd6 Bxd6 7. Bc4 O-O
8. O-O c5 9. Nc3 cxd4 10. Nxd4 Bc5 11. Ne2 Ne3 12. Bxe3 fxe3 13. c3 Bg4 14.
Rf4 Qd7 15. h3 Bh5 16. g4 Bg6 17. Nb3 Bd6 18. Rd4 Rd8 19. Ng3 Nc6 20. Rd5
Qc7 21. Nf5 Bxf5 22. gxf5 Bh2+ 23. Kh1 Bg3 24. Qf3 Rxd5 25. Bxd5 Bf4 26.
Rf1 g5 27. fxg6 hxg6 28. Qxf4 Qe7 29. Bxf7+ Kg7 30. Qg4 Ne5 31. Qd4 Rd8 32.
Qxe3 Rd3 33. Qe4 Rxh3+ 34. Kg1 Qg5+ 35. Kf2 Qg3+ 36. Ke2 Rh2+ 37. Kd1 Nxf7
38. Nd4 Qh3 39. Ne6+ Kh6 40. Rxf7 Rh1+ 41. Kc2 Qh2+ 42. Kb3 Rg1 43. Qe3+ g5
44. Qe4 Qxb2+ 45. Kxb2 Rg2+ 46. Kb3 Rb2+ 47. Kxb2 Kh5 48. Rh7# { Black
checkmated } 1-0

[Event "ICC tourney 2516 (60 10)"]
[Site "Internet Chess Club"]
[Date "2021.04.18"]
[Round "4"]
[White "WANG, CONNOR JUNDA:czw1"]
[Black "Han, Leqi:LH2013"]
[Result "1/2-1/2"]
[ICCResult "Game drawn because neither player has mating material"]
[WhiteElo "1359"]
[BlackElo "1219"]
[Opening "Scotch: Mieses variation"]
[ECO "C45"]
[NIC "SO.04"]
[Time "10:00:30"]
[PlyCount "111"]
[TimeControl "3600+10"]

1. e4 e5 2. Nf3 Nc6 3. d4 exd4 4. Nxd4 Nf6 5. Nxc6 bxc6 6. e5 Nd5 7. c4 Nb6
8. Nc3 Bb4 9. Bd2 O-O 10. Be2 Re8 11. f4 d6 12. exd6 Qxd6 13. O-O Qd4+ 14.
Kh1 Bf5 15. Qb3 Qxd2 16. Rad1 Bc2 17. Rxd2 Bxb3 18. axb3 Re3 19. Bf3 Rae8
20. Bxc6 Re1 21. Rd1 Rxf1+ 22. Rxf1 Re6 23. Rd1 Rxc6 24. Ne4 g6 25. c5 Bxc5
26. Rc1 Nd7 27. b4 Rb6 28. Nxc5 Nxc5 29. Rxc5 Rxb4 30. Rxc7 Rxb2 31. g3 a5
32. Ra7 Ra2 33. Kg1 a4 34. Kf1 a3 35. Ke1 Rxh2 36. Rxa3 Rh1+ 37. Kf2 Kg7
38. Kf3 h5 39. Ra4 f6 40. Ra7+ Kh6 41. Ra6 f5 42. Rb6 h4 43. gxh4 Rxh4 44.
Kg3 Rg4+ 45. Kf3 Kg7 46. Ra6 g5 47. fxg5 Rxg5 48. Kf4 Rh5 49. Ra7+ Kf6 50.
Ra6+ Ke7 51. Ra7+ Kd6 52. Ra6+ Kc7 53. Rf6 Rh1 54. Kxf5 Rf1+ 55. Kg6 Rxf6+
56. Kxf6 { Game drawn because neither player has mating material } 1/2-1/2

[Event "ICC tourney 2516 (60 10)"]
[Site "Internet Chess Club"]
[Date "2021.04.18"]
[Round "4"]
[White "Hu, Ruyi:Ruyi"]
[Black "WANG, LUCAS RONG CHEN:MagnetAEM"]
[Result "0-1"]
[ICCResult "White checkmated"]
[WhiteElo "791"]
[BlackElo "1080"]
[Opening "Sicilian: Najdorf"]
[ECO "B90"]
[NIC "SI.14"]
[Time "10:00:43"]
[PlyCount "174"]
[TimeControl "3600+10"]

1. e4 c5 2. Nf3 d6 3. d4 cxd4 4. Nxd4 Nf6 5. Nc3 a6 6. Bd3 e5 7. Nf3 Be6 8.
O-O Be7 9. h3 Nbd7 10. Be3 O-O 11. a3 Qc7 12. Qe2 Rac8 13. Nd2 Nc5 14. Bxc5
Qxc5 15. Rad1 Qb6 16. Na4 Qc6 17. Nc3 Rfe8 18. Rfe1 b5 19. Kh1 Nd7 20. Kg1
Nc5 21. Kh1 h6 22. Kg1 Bg5 23. Nxb5 Nxd3 24. Qxd3 axb5 25. c3 Bxd2 26. Rxd2
Red8 27. Qe3 Qc5 28. Kh1 Qxe3 29. Rxe3 Bc4 30. Kg1 Rc6 31. f3 Re8 32. Kf2
Re6 33. Re1 Bb3 34. Ke3 Rc5 35. g4 d5 36. exd5 Rxd5 37. Rxd5 Bxd5 38. Rd1
Bc4 39. Rd7 Kf8 40. Ra7 Re7 41. Ra5 Rd7 42. a4 bxa4 43. Rxa4 Bf1 44. Ra1
Bc4 45. Ra4 Be6 46. Ra8+ Ke7 47. Rb8 Rd8 48. Rb7+ Rd7 49. Rb6 Rd6 50. Rb7+
Rd7 51. Rb6 Rd6 52. Rb7+ Bd7 53. b4 Rd5 54. Ke4 Rb5 55. Rxb5 Bxb5 56. Kxe5
Bf1 57. h4 Be2 58. Ke4 Kd6 59. g5 hxg5 60. hxg5 Kc6 61. f4 Kb5 62. Kd4 Bf1
63. Kd5 Bc4+ 64. Kd4 Be6 65. Kd3 Ka4 66. Kd4 Kb5 67. Kd3 Bf5+ 68. Kd4 Bg4
69. Kd5 Be6+ 70. Kd6 g6 71. Kc7 Kc4 72. Kc6 Kxc3 73. b5 Kc4 74. b6 Bd5+ 75.
Kc7 Kc5 76. b7 Bxb7 77. Kxb7 Kd5 78. Kc7 Ke4 79. Kd7 Kxf4 80. Ke7 Kxg5 81.
Kxf7 Kf5 82. Kg7 g5 83. Kh6 g4 84. Kh5 g3 85. Kh4 g2 86. Kh3 g1=Q 87. Kh4
Qg4# { White checkmated } 0-1

[Event "ICC tourney 2516 (60 10)"]
[Site "Internet Chess Club"]
[Date "2021.04.18"]
[Round "4"]
[White "ACEVEDO HERNANDEZ, KEYLA:NYHernandez"]
[Black "FIGELMAN, DAVID:tinyattacker"]
[Result "1/2-1/2"]
[ICCResult "Game drawn by mutual agreement"]
[WhiteElo "1258"]
[BlackElo "1231"]
[Opening "Scotch game"]
[ECO "C45"]
[NIC "SO.05"]
[Time "10:00:39"]
[PlyCount "195"]
[TimeControl "3600+10"]

1. e4 e5 2. Nf3 Nc6 3. d4 exd4 4. Nxd4 Bc5 5. Be3 Qf6 6. c3 Nge7 7. Be2 d6
8. O-O d5 9. exd5 Nxd5 10. Qd2 O-O 11. Bg5 Qg6 12. Bd3 Qd6 13. Nxc6 bxc6
14. b4 Bb6 15. Na3 Qe5 16. Rfe1 Qxc3 17. Qxc3 Nxc3 18. Bc4 Bd4 19. Nc2 Ne2+
20. Rxe2 Bxa1 21. Nxa1 Bf5 22. h3 Rfe8 23. Nb3 Rxe2 24. Bxe2 Rb8 25. a3 Be6
26. Nd4 Bd5 27. Bf4 Rd8 28. Bxc7 Rd7 29. Bg3 Bxg2 30. Kxg2 Rxd4 31. Bb8 Rd7
32. Bf3 Rd3 33. Bxc6 Rxa3 34. b5 g6 35. Bd6 Ra2 36. Bc5 h5 37. Kg3 Kg7 38.
Bd4+ f6 39. Bc5 g5 40. f4 gxf4+ 41. Kxf4 Ra1 42. Kg3 Kg6 43. Be8+ Kg5 44.
h4+ Kh6 45. Be3+ Kg7 46. Bxh5 Ra3 47. Kf2 Ra2+ 48. Ke1 Rb2 49. Be8 Rb1+ 50.
Kd2 Ra1 51. h5 Ra2+ 52. Kc1 Ra3 53. Bd2 Rb3 54. Kc2 Rf3 55. Bc6 Rh3 56. h6+
Kg8 57. Bd7 Rh5 58. Bc6 Rc5+ 59. Kb3 Re5 60. Bc3 Re3 61. Kc4 Kh7 62. Bd4
Re1 63. Bxa7 Kxh6 64. b6 Rc1+ 65. Kd5 Rd1+ 66. Ke6 Rf1 67. b7 Re1+ 68. Kxf6
Rf1+ 69. Ke7 Re1+ 70. Kd6 Rd1+ 71. Bd5 Rb1 72. Be3+ Kg7 73. Bd4+ Kf8 74.
Ba7 Kg7 75. Kc7 Rxb7+ 76. Bxb7 Kf6 77. Bc5 Kf5 78. Bc6 Ke6 79. Bd6 Kf6 80.
Bd5 Kf5 81. Kd7 Kf6 82. Be6 Kg5 83. Be5 Kg6 84. Ke7 Kg5 85. Kf7 Kh4 86. Kf6
Kh5 87. Bf5 Kh4 88. Bf4 Kh5 89. Bg3 Kh6 90. Bf4+ Kh5 91. Kg7 Kh4 92. Bc8
Kh5 93. Kf6 Kh4 94. Be5 Kh5 95. Be6 Kh4 96. Bf4 Kh5 97. Bf5 Kh4 98. Bg5+ {
Game drawn by mutual agreement } 1/2-1/2

[Event "ICC tourney 2516 (60 10)"]
[Site "Internet Chess Club"]
[Date "2021.04.18"]
[Round "4"]
[White "AYYAPPAN, SANTHOSH:SanthoshA"]
[Black "TIENG, JONATHAN:GawGaw314"]
[Result "1-0"]
[ICCResult "Black checkmated"]
[WhiteElo "1661"]
[BlackElo "1320"]
[Opening "Sicilian defense"]
[ECO "B34"]
[NIC "SI.33"]
[Time "10:00:29"]
[PlyCount "135"]
[TimeControl "3600+10"]

1. e4 c5 2. Nf3 Nc6 3. d4 cxd4 4. Nxd4 g6 5. Bc4 Bg7 6. Be3 Qa5+ 7. Nc3 Qb4
8. Nb5 Bxc3+ 9. bxc3 Qxc4 10. Nc7+ Kd8 11. Nxa8 Qxc3+ 12. Bd2 Qe5 13. O-O
Qb8 14. Bc3 e5 15. f4 Nge7 16. fxe5 Nxe5 17. Rb1 h5 18. Rb5 Ng4 19. g3 Rf8
20. Ba5+ b6 21. Nxb6 axb6 22. Rxb6 Qa7 23. Qd2 Ke8 24. Kh1 Qa8 25. Re1 Bb7
26. Kg1 Qa7 27. Kg2 f5 28. Reb1 Bxe4+ 29. Kf1 Nc8 30. R6b3 Qa6+ 31. Ke1 Qe6
32. Kd1 Qc4 33. Kc1 Qf1+ 34. Kb2 Qa6 35. Rb8 Qc6 36. Qc3 Kf7 37. Qxc6 Bxc6
38. h4 Kf6 39. Bc3+ Kf7 40. Ra1 Ke6 41. a4 Be4 42. a5 Kf7 43. a6 Na7 44.
Rxf8+ Kxf8 45. Bb4+ Ke8 46. Bc5 Nc6 47. a7 Nxa7 48. Rxa7 Bc6 49. Kc3 Kf7
50. Rc7 Ke6 51. Kd4 Ne5 52. Rc8 Nf3+ 53. Ke3 Kf6 54. Rxc6+ dxc6 55. Kxf3
Ke5 56. c4 Ke6 57. Kf4 Kf7 58. Kg5 Kg7 59. Be7 Kf7 60. Bf6 Ke6 61. Kxg6 c5
62. Bc3 f4 63. gxf4 Kd6 64. f5 Ke7 65. f6+ Kf8 66. Be5 Kg8 67. f7+ Kf8 68.
Bd6# { Black checkmated } 1-0

[Event "ICC tourney 2516 (60 10)"]
[Site "Internet Chess Club"]
[Date "2021.04.18"]
[Round "5"]
[White "HILL, LEO M:LeoMessy"]
[Black "BADAWI, JUDE:Judebestgm"]
[Result "1-0"]
[ICCResult "Black checkmated"]
[WhiteElo "952"]
[BlackElo "732"]
[Opening "two knights defense"]
[ECO "C58"]
[NIC "KP.01"]
[Time "13:17:25"]
[PlyCount "79"]
[TimeControl "3600+10"]

1. e4 e5 2. Bc4 Nf6 3. Nf3 Nc6 4. Ng5 d5 5. exd5 Na5 6. Bb3 Nxb3 7. axb3
Qxd5 8. O-O Bc5 9. Nc3 Qc6 10. Re1 Bd4 11. Nf3 Bg4 12. Nxd4 Bxd1 13. Nxc6
bxc6 14. Nxd1 O-O 15. Rxe5 Ng4 16. Rg5 Nf6 17. d3 Rfe8 18. Ne3 Nd5 19. h3
Nxe3 20. Bxe3 a6 21. Bd4 f6 22. Bxf6 Re7 23. Bxe7 Kf7 24. Bc5 Kf6 25. Be3
h6 26. Rga5 Kf7 27. Rxa6 Rxa6 28. Rxa6 c5 29. Rc6 c4 30. Rxc4 c5 31. Rxc5
g5 32. b4 g4 33. b5 gxh3 34. gxh3 h5 35. b6 h4 36. b7 Ke7 37. b8=Q Ke6 38.
Qe5+ Kd7 39. Rc7+ Kd8 40. Bg5# { Black checkmated } 1-0